 Dungeon Crawl Stone Soup version 0.28-a0-1032-ga8db75c868 (webtiles) character file.

Game seed: 5551173516188427969

28 GregHouse the Chopper (level 3, 0/33 HPs)
             Began as a Hill Orc Monk on Dec 7, 2021.
             Succumbed to an adder's poison
             ... on level 2 of the Dungeon.
             The game lasted 00:04:51 (1492 turns).

GregHouse the Chopper (Hill Orc Monk)               Turns: 1492, Time: 00:04:51

Health: 0/33       AC:  2    Str: 15    XL:     3   Next: 14%
Magic:  3/3        EV: 12    Int: 10    God:
Gold:   74         SH:  0    Dex: 13    Spells: 2/2 levels left

rFire   . . .      SeeInvis .   g - +0 battleaxe
rCold   . . .      Faith    .   (shield currently unavailable)
rNeg    . . .      Spirit   .   b - +0 robe
rPois   .          Reflect  .   (no helmet)
rElec   .          Harm     .   (no cloak)
rCorr   +          Rampage  .   (no gloves)
Will    .....                   (no boots)
Stlth   ++........              (no amulet)
HPRegen 0.11/turn               e - ring of resist corrosion
MPRegen 0.08/turn               (no ring)

@: lethally poisoned (0 -> -6)
A: no striking features
a: no special abilities


You were on level 2 of the Dungeon.
You visited 1 branch of the dungeon, and saw 3 of its levels.

You collected 74 gold pieces.

Inventory:

Hand Weapons
 g - a +0 battleaxe (weapon)
Missiles
 c - 27 stones (quivered)
Armour
 b - a +0 robe (worn)
Jewellery
 e - a ring of resist corrosion (left hand)
 f - a ring of wizardry


   Skills:
 + Level 4.3 Fighting
 + Level 4.7 Axes
 - Level 2.4 Dodging
 + Level 1.8 Stealth


You had 2 spell levels left.
You didn't know any spells.
Your spell library contained the following spells:

 Spells                   Type           Power      Damage    Failure   Level
 Call Canine Familiar     Summ           0%         N/A       75%         3
 Conjure Flame            Conj/Fire      0%         6-21      75%         3
 Ignite Poison            Fire/Tmut/Pois 0%         N/A       75%         3
 Portal Projectile        Hex/Tloc       0%         N/A       75%         3
 Leda's Liquefaction      Hex/Erth       0%         N/A       98%         4
 Sticky Flame             Conj/Fire      0%         2d3       98%         4


Dungeon Overview and Level Annotations

Branches:
Dungeon (3/15)

Altars:


Message History

You are poisoned.
The adder poisons you!
You barely miss the adder.
You feel sick. The adder bites you. x2
You closely miss the adder.
You feel sick. The adder barely misses you. The adder closely misses you.
You closely miss the adder.
You feel sick. The adder closely misses you. x2
You completely miss the adder.
You feel sick.
You are no longer poisoned.
The adder bites you but does no damage. The adder closely misses you.
You barely miss the adder. The adder bites you. x2
You miss the adder. The adder barely misses you. The adder misses you.
You miss the adder. The adder bites you.
* * * LOW HITPOINT WARNING * * *
The adder barely misses you.
You aren't carrying any potions.
You aren't carrying any potions.
Blink to where?
Press: ? - help, Dir - move target
As you read the scroll labelled ZITZOG ZOOST, it crumbles to dust.
It was a scroll of blinking.
As you read the scroll labelled JAPOAN LIUGOH, it crumbles to dust.
It is a scroll of identify.
You don't have any unidentified items.
You miss the adder. The adder closely misses you.
You barely miss the adder. The adder bites you but does no damage.
The adder closely misses you.
You hit the adder.
The adder is lightly wounded.
The adder bites you.
* * * LOW HITPOINT WARNING * * *
The adder bites you.
* * * LOW HITPOINT WARNING * * *
You are lethally poisoned!
The adder poisons you!
Blink to where?
Press: ? - help, Dir - move target
As you read the scroll of blinking, it crumbles to dust.
* * * LOW HITPOINT WARNING * * *
You feel sick.
You die...

##.....## #.### ##...#
#.# #### ##'# #.# ..#
##S##### #.# # #.#
#......# #.# #.##.###
#..###.# #.#
#......###...##.# #.#
# #....#...........#
#.######...@.....##.##
#..ยง.S......##..## #
##############..#
#.... ##.### .# #####
.# ...#####. #........


You could see an adder.

Vanquished Creatures
  6 ball pythons
  2 bats (D:1)
  An endoplasm (D:2)
  A giant cockroach (D:1)
  2 hobgoblins
  4 kobolds
  2 frilled lizards (D:1)
  3 goblins
  3 rats
24 creatures vanquished.

Notes
Turn   | Place    | Note
-------+----------+-------------------------------------------
     0 | D:1      | GregHouse the Hill Orc Monk began the quest for the Orb.
     0 | D:1      | Reached XP level 1. HP: 19/19 MP: 1/1
   211 | D:1      | Reached XP level 2. HP: 25/27 MP: 2/2
   451 | D:1      | Found a faded altar of an unknown god.
  1136 | D:2      | Reached XP level 3. HP: 32/33 MP: 3/3
  1491 | D:2      | HP: 1/33 [poisoned by an adder]
  1492 | D:2      | Succumbed to an adder's poison

Illustrated notes

Levels and vault maps discovered:
D:1:      minmay_arrival_four_loops, layout_rooms,
          chequers_ecumenical_altar_island
D:2:      layout_loops_corners, minmay_misc_feat_tiny
D:3:      layout_basic, makhleb_altar_promises_db, nrook_uturn,
          minmay_misc_feat_diagonals

Skill      XL: |  1  2 |
---------------+-------+-----
Fighting       | 4 |  4.3
Axes           | |  4.7
Dodging        | |  2.4
Stealth        | |  1.8

Action                   || total
-------------------------++-------
Melee: Hand axe          ||    67
       Battleaxe         ||    14
  Use: Scroll            ||     3
 Stab: Sleeping          ||     2
Armor: Robe              ||    14
Dodge: Dodged            ||    61

Table legend: (Time is in decaauts)
 A = Elapsed time spent in this place.
 B = Non-inter-level travel time spent in this place.
 C = Inter-level travel time spent in this place.
 D = Time resting spent in this place.
 E = Time spent auto-exploring this place.
 F = Levels seen in this place.
 G = Mean time per level.
                   A        B        C        D        E       F      G
               +--------+--------+--------+--------+--------+-----+--------+
         Total |   1508 |   1476 |     32 |    474 |    570 |   3 |  502.7 |
       Dungeon |   1508 |   1476 |     32 |    474 |    570 |   3 |  502.7 |
               +--------+--------+--------+--------+--------+-----+--------+

Top non-repeatable levels by time:
     D:1: 1031 daAuts
     D:2: 454 daAuts
     D:3: 22 daAuts
